 Dungeon Crawl Stone Soup version 0.27-a0-531-gb72ec1a1b6 (webtiles) character file.

Game seed: 13333014524983264261

4984 Aggronaut the Severer (level 10, -12/77 HPs)
             Began as a Minotaur Berserker on Mar 5, 2021.
             Was a High Priest of Trog.
             Mangled by a boulder beetle (20 damage)
             ... on level 8 of the Dungeon.
             The game lasted 00:18:31 (8196 turns).

Aggronaut the Severer (Minotaur Berserker)          Turns: 8196, Time: 00:18:32

Health: -12/77     AC: 13    Str: 22    XL:     10   Next: 29%
Magic:  9/9        EV: 12    Int:  4    God:    Trog [*****.]
Gold:   433        SH:  5    Dex: 13    Spells: 9/9 levels left

rFire    + . .     SeeInvis .   A - +0 battleaxe
rCold    . . .     Faith    .   (shield currently unavailable)
rNeg     . . .     Spirit   .   p - +0 chain mail
rPois    .         Reflect  +   (helmet restricted)
rElec    .         Harm     .   y - +1 cloak of Starlight {*Dazzle EV+4 Stlth--}
rCorr    .         Rampage  .   g - +0 pair of gloves
Will     ++...                  t - +0 pair of boots
Stlth    ..........             f - amulet of reflection
HPRegen  1.22/turn              w - ring of protection from fire
MPRegen  0.11/turn              (no ring)

@: berserk cooldown, regenerating, slowed, very slow
A: horns 2, retaliatory headbutt
a: Renounce Religion, Berserk, Trog's Hand, Brothers in Arms


You were on level 8 of the Dungeon.
You worshipped Trog.
Trog was extremely pleased with you.
You visited 1 branch of the dungeon, and saw 8 of its levels.

You collected 433 gold pieces.

Inventory:

Hand Weapons
 A - a +0 battleaxe (weapon)
Armour
 g - a +0 pair of gloves (worn)
 p - a +0 chain mail (worn)
 t - a +0 pair of boots (worn)
 y - the +1 cloak of Starlight (worn) {*Dazzle EV+4 Stlth--}
   (You found it on level 7 of the Dungeon)

   It affects your evasion (+4).
   It makes you much less stealthy.
Jewellery
 f - an amulet of reflection (around neck)
 v - a ring of fire
 w - a ring of protection from fire (left hand)
Wands
 h - a wand of charming (6)
 j - a wand of flame (12)
 z - a wand of digging (3)
Scrolls
 a - a scroll of identify
 c - 7 scrolls of immolation {unknown}
 d - a scroll of fog
 m - a scroll of enchant armour {unknown}
 r - a scroll of blinking {unknown}
 s - a scroll of teleportation {unknown}
 u - a scroll of fear {unknown}
 x - a scroll of enchant weapon {unknown}
 B - a scroll of vulnerability {unknown}
Potions
 b - 2 potions of berserk rage {unknown}
 e - 2 potions of heal wounds
 i - a potion of might
 k - 2 potions of attraction
 l - 2 potions of haste
 n - 4 potions of curing
 o - a potion of invisibility
 q - 4 potions of flight


   Skills:
 - Level 3.6 Fighting
 + Level 17.1 Axes
 - Level 2.4 Armour
 - Level 2.1 Dodging


You had 9 spell levels left.
You didn't know any spells.
Your spell library contained the following spells:

 Spells                   Type           Power      Damage    Failure   Level
 Magic Dart               Conj           0%         1d3       99%         1
 Searing Ray              Conj           0%         3d3       100%        2
 Dazzling Flash           Conj/Hex       0%         N/A       100%        3
 Fulminant Prism          Conj/Hex       0%         3d6       100%        4
 Iskenderun's Mystic Bla  Conj/Tloc      0%         2d3       100%        4


Dungeon Overview and Level Annotations

Branches:
Dungeon (8/15)             Temple (0/1) D:7
   Lair: D:8-11

Altars:
Ashenzari
Dithmenos
Gozag
Yredelemnul
Zin

Shops:
D:7 :


Innate Abilities, Weirdness & Mutations

You have a pair of horns on your head.
You reflexively headbutt those who attack you in melee.


Message History

The bullfrog is heavily wounded.
You closely miss the orc wizard.
The bullfrog hits you but does no damage.
The bullfrog closely misses you. You furiously retaliate!
You headbutt the bullfrog. The orc wizard closely misses you.
You slash the bullfrog!
You kill the bullfrog!
Trog accepts your kill.
You slash the orc wizard!
You kill the orc wizard!
Trog accepts your kill.
Trog appreciates your killing of a magic user.
The ufetubus closely misses you.
The ufetubus hits you but does no damage.
You hit the ufetubus but do no damage. The ufetubus barely misses you.
You furiously retaliate!
You headbutt the ufetubus, but do no damage.
The ufetubus closely misses you.
A boulder beetle comes into view.
The ufetubus hits you but does no damage. x2
You slice the ufetubus!!
You kill the ufetubus!
Trog accepts your kill.
The boulder beetle bites you but does no damage.
Things that are here:
a +0 dagger; a +0 robe; an orc corpse You block the boulder beetle's attack.
Found 16 gold pieces.
Your skin crawls.
You feel strong-willed. The boulder beetle barely misses you.
You slash the boulder beetle! You headbutt the boulder beetle!
The boulder beetle is moderately wounded.
The boulder beetle bites you! The boulder beetle bites you!!
* * * LOW HITPOINT WARNING * * *
You barely miss the boulder beetle.
You headbutt the boulder beetle, but do no damage.
The boulder beetle is moderately wounded.
The boulder beetle bites you!!
You die...

#.# #. #. #.# # #.#
#.# ## #.# #.# #)#
#.# #. #. #.# #.#
#.# .# #.# #.#
.#.#.#. .#. ##
#.#.#.# #.# #.# #.#
#(#
#@###.#.#.#.#.#.#.
#.#.#B###.# #.#
#.###
#.###)#.#.#.#.#.#.#.
#.#.###.# #.#
#.###.# #$#
#.#.#.#.#.#.#.#.#.
## #.###.###.###.###
#.#.#)#.#.#.#.#.#.
#$###.###.###.###(#
## ### ### ### ###


You could see a boulder beetle.

Vanquished Creatures
  Harold (D:7)
  Pikel (D:7)
  Prince Ribbit (D:6)
  6 yaks (D:8)
  Menkaure (D:6)
  2 ice beasts (D:5)
  5 ogres
  A sky beast (D:8)
  2 centaurs
  2 lemures (D:7)
  2 bullfrogs
  2 scorpions
  4 wights (D:6)
  7 killer bees
  2 jellies (D:6)
  A centaur zombie (D:6)
  A quasit (D:8)
  2 hounds
  3 orc priests (D:7)
  2 bullfrog skeletons
  2 iguanas
  4 orc wizards
  10 worker ants
  A hound zombie (D:8)
  12 adders
  4 gnolls
  3 howler monkey skeletons
  A shadow imp (D:5)
  4 white imps
  4 ufetubi
  An ooze (D:5)
  An adder zombie (D:7)
  3 adder skeletons
  3 worms
  5 dart slugs
  4 leopard geckos
  14 orcs
  9 bats
  5 giant cockroaches
  2 goblins
  9 hobgoblins
  10 jackals
  7 kobolds
  2 quokkas
  A ball python (D:3)
  4 frilled lizards
  A jackal skeleton (D:5)
  A quokka skeleton (D:4)
  7 rats
182 creatures vanquished.

Vanquished Creatures (others)
  2 plants (D:4)
2 creatures vanquished.

Grand Total: 184 creatures vanquished

Notes
Turn   | Place    | Note
-------+----------+-------------------------------------------
     0 | D:1      | Aggronaut the Minotaur Berserker began the quest for the
                  | Orb.
     0 | D:1      | Reached XP level 1. HP: 19/19 MP: 0/0
    30 | D:1      | Reached skill level 4 in Axes
    38 | D:1      | Reached XP level 2. HP: 25/26 MP: 1/1
   661 | D:1      | Reached skill level 5 in Axes
   678 | D:1      | Reached XP level 3. HP: 31/31 MP: 2/2
  1167 | D:2      | Reached ** piety under Trog
  1528 | D:2      | Reached XP level 4. HP: 37/39 MP: 3/3
  1529 | D:2      | Reached skill level 6 in Axes
  2063 | D:3      | Noticed an ogre
  2073 | D:3      | Killed an ogre
  2074 | D:3      | Reached skill level 7 in Axes
  2074 | D:3      | Reached XP level 5. HP: 45/45 MP: 4/4
  2075 | D:3      | Reached *** piety under Trog
  2342 | D:3      | Found an opulent altar of Gozag.
  2822 | D:3      | Found a glowing silver altar of Zin.
  3058 | D:4      | Reached skill level 8 in Axes
  3066 | D:4      | Found a basalt altar of Yredelemnul.
  3067 | D:4      | Noticed an ogre
  3072 | D:4      | Killed an ogre
  3073 | D:4      | Reached XP level 6. HP: 51/51 MP: 5/5
  3416 | D:4      | Reached skill level 9 in Axes
  3993 | D:5      | Entered Level 5 of the Dungeon
  4082 | D:5      | Reached XP level 7. HP: 56/57 MP: 6/6
  4106 | D:5      | Reached skill level 10 in Axes
  4368 | D:5      | Reached skill level 11 in Axes
  4663 | D:5      | Found a shadowy altar of Dithmenos.
  4682 | D:5      | Identified the +8 hunting sling of the Assorted Violins
                  | {vorpal, rPois rC- rN+ Int+3}
  4713 | D:5      | Found a broken altar of Ashenzari.
  4913 | D:5      | Reached XP level 8. HP: 54/64 MP: 7/7
  5197 | D:6      | Noticed Menkaure
  5210 | D:6      | Killed Menkaure
  5213 | D:6      | Reached skill level 12 in Axes
  5251 | D:6      | Noticed Prince Ribbit
  5279 | D:6      | Killed Prince Ribbit
  5596 | D:6      | Reached **** piety under Trog
  5597 | D:6      | Reached skill level 13 in Axes
  6602 | D:7      | Found Jyhijikh's Book Boutique.
  6643 | D:7      | Reached XP level 9. HP: 70/70 MP: 8/8
  6653 | D:7      | Reached skill level 14 in Axes
  6895 | D:7      | Found a shadowy altar of Dithmenos.
  6993 | D:7      | Found the +1 cloak of Starlight {*Dazzle EV+4 Stlth--}
  7006 | D:7      | Found a staircase to the Ecumenical Temple.
  7328 | D:7      | Noticed Harold
  7332 | D:7      | Noticed Pikel
  7355 | D:7      | Killed Harold
  7356 | D:7      | Reached skill level 15 in Axes
  7360 | D:7      | Killed Pikel
  7360 | D:7      | Reached ***** piety under Trog
  7361 | D:7      | Reached skill level 16 in Axes
  7915 | D:8      | Reached XP level 10. HP: 62/77 MP: 9/9
  8173 | D:8      | Reached skill level 17 in Axes
  8189 | D:8      | Noticed a boulder beetle
  8196 | D:8      | Mangled by a boulder beetle

Illustrated notes

Levels and vault maps discovered:
D:1:      psy_arrival_spokes, layout_loops_corners, corner_web_ring,
          roderic_lattice_a, minmay_box_of_dots
D:2:      layout_basic
D:3:      layout_loops_cross, lemuel_coloured_pillars_altar, old_standard_altar,
          hex_medium, st_stairs_10, minmay_door_square, grunt_decor_mini_mirrors
D:4:      layout_gridville, yredelemnul_altar_generic, st_stairs_1,
          serial_bayou_lagoon_a, skrybe_limestone_x
D:5:      layout_cave_pools, evilmike_ruin_ashenzari,
          nicolae_overflow_crystal_walls
D:6:      layout_basic, serial_glass, glass_columns_b, glass_columns_a,
          uniq_menkaure, uniq_prince_ribbit1
D:7:      layout_basic, temple_hall, serial_shops, kennysheep_mini,
          amcnicky_altar_gilded, uniq_harold, uniq_pikel
D:8:      minmay_imperfect_grid, layout_basic, uniq_erica

Skill      XL: |  1  2  3  4  5  6  7  8  9 10 |
---------------+-------------------------------+-----
Axes           | 4 5 7 8 9 11 13 16 17 | 17.1
Fighting       | |  3.6
Armour         | |  2.4
Dodging        | |  2.1

Action                   |  1- 3 |  4- 6 |  7- 9 | 10-12 || total
-------------------------+-------+-------+-------+-------++-------
Melee: Hand axe          |    66 |   138 |   263 |       ||   467
       Headbutt          |    11 |    30 |    64 |    12 ||   117
       Battleaxe         |       |       |    27 |    49 ||    76
Invok: Berserk           |       |     3 |     8 |     1 ||    12
       Trog's Hand       |       |       |     1 |     1 ||     2
  Use: Scroll            |       |       |    11 |       ||    11
 Stab: Invisible         |       |       |     3 |     1 ||     4
Armor: Animal skin       |     1 |       |       |       ||     1
       Ring mail         |    21 |     1 |       |       ||    22
       Scale mail        |       |    24 |       |       ||    24
       Chain mail        |       |    18 |   102 |    29 ||   149
Dodge: Dodged            |    48 |    54 |    75 |    34 ||   211
Block: Other             |    10 |    23 |    51 |    12 ||    96
       Reflection        |       |     1 |     1 |       ||     2

Table legend: (Time is in decaauts)
 A = Elapsed time spent in this place.
 B = Non-inter-level travel time spent in this place.
 C = Inter-level travel time spent in this place.
 D = Time resting spent in this place.
 E = Time spent auto-exploring this place.
 F = Levels seen in this place.
 G = Mean time per level.
                   A        B        C        D        E       F      G
               +--------+--------+--------+--------+--------+-----+--------+
         Total |   8199 |   7972 |    227 |   1484 |   4937 |   8 | 1024.9 |
       Dungeon |   8199 |   7972 |    227 |   1484 |   4937 |   8 | 1024.9 |
               +--------+--------+--------+--------+--------+-----+--------+

Top non-repeatable levels by time:
     D:6: 1366 daAuts
     D:7: 1215 daAuts
     D:5: 1201 daAuts
     D:3: 1164 daAuts
     D:1: 1117 daAuts
     D:4: 980 daAuts
     D:2: 744 daAuts
     D:8: 410 daAuts
